 Dungeon Crawl Stone Soup version 0.29.1-2-gbd0b4ee654 (webtiles) character file.

Game seed: 7618136545682730122

71 cdecastro the Firebug (level 4, -6/24 HPs)
             Began as a Deep Elf Fire Elementalist on Nov 9, 2022.
             Killed by nerve-wracking pain
             ... invoked by Grinder
              (12 damage)
             ... while paralysed by Ijyb
             ... on level 3 of the Dungeon.
             The game lasted 00:04:10 (2174 turns).

cdecastro the Firebug (Deep Elf Fire Elementalist)  Turns: 2174, Time: 00:04:10

Health: -6/24      AC:  2    Str:  5    XL:     4   Next: 5%
Magic:  4/10       EV:  2    Int: 22    God:
Gold:   118        SH:  0    Dex: 15    Spells: 6/9 levels left

rFire   . . .      SeeInvis .   l - +0 dagger (holy)
rCold   . . .      Faith    .   (no shield)
rNeg    . . .      Spirit   .   a - +0 robe
rPois   .          Reflect  .   (no helmet)
rElec   .          Harm     .   (no cloak)
rCorr   .          Rampage  .   (no gloves)
Will    .....                   (no boots)
Stlth   ++........              (no amulet)
HPRegen 0.08/turn               (no ring)
MPRegen 0.12/turn               (no ring)

@: paralysed
A: no striking features
a: no special abilities


You were on level 3 of the Dungeon.
You visited 1 branch of the dungeon, and saw 3 of its levels.

You collected 118 gold pieces.

Inventory:

Hand Weapons
 h - a +0 dagger
 l - a +0 dagger of holy wrath (weapon)
Missiles
 d - 26 stones
Armour
 a - a +0 robe (worn)
Magical Staves
 o - a staff of fire
Jewellery
 c - a ring of magical power
Scrolls
 f - a scroll of poison {unknown}
 i - 4 scrolls of identify {unknown}
 j - a scroll of blinking {unknown}
 n - a scroll of enchant armour {unknown}
Potions
 b - a potion of magic
 e - 4 potions of heal wounds {unknown}
 g - 2 potions of lignification {unknown}
 k - 2 potions of curing {unknown}
 m - a potion of attraction {unknown}
 p - a potion of ambrosia {unknown}
 q - a potion of cancellation {unknown}
 r - a potion of flight {unknown}


   Skills:
 - Level 2.4 Dodging
 - Level 2.4 Stealth
 - Level 3.0 Spellcasting
 - Level 1.1 Conjurations
 + Level 5.4 Fire Magic


You had 6 spell levels left.
You knew the following spells:

 Your Spells              Type           Power      Damage    Failure   Level
a - Foxfire               Conj/Fire      68%        2x1d7     3%          1
b - Scorch                Fire           54%        2d7       1%          2

Your spell library contained the following spells:

 Spells                   Type           Power      Damage    Failure   Level
 Conjure Flame            Conj/Fire      17%        6-21      10%         3
 Inner Flame              Hex/Fire       15%        N/A       12%         3
 Flame Wave               Conj/Fire      17%        2d7       32%         4
 Ozocubu's Armour         Ice            3%         N/A       36%         3
 Ozocubu's Refrigeration  Ice            1%         4d7       100%        7


Dungeon Overview and Level Annotations

Branches:
Dungeon (3/15)

Altars:

Annotations:
D:3 Grinder, Ijyb


Message History

Done exploring.
Done exploring.
Done exploring.
There is a stone staircase leading down here.
Search for what [Enter for "."]? .
You climb downwards.
Grinder shouts!
There is a stone staircase leading up here.
Press: ? - help, v - describe, . - travel
Here: Grinder The floor.
Unknown command.
Casting: Scorch (safe; 1% risk of failure)
Confirm with . or Enter, or press ? or * to list all spells.
Flames lash Grinder.
Grinder is lightly wounded.
Grinder's fire resistance burns away.
You hear a shout!
Unknown command.
Casting: Scorch (safe; 1% risk of failure)
Confirm with . or Enter, or press ? or * to list all spells.
Flames lash Grinder.
Grinder is burned terribly!
Grinder is lightly wounded.
Grinder says, "FISH!"
Ijyb the Twisted Goblin comes into view.
She is wielding a +0 dagger and carrying a wand of paralysis (8).
Casting: Scorch (safe; 1% risk of failure)
Confirm with . or Enter, or press ? or * to list all spells.
Flames lash Grinder.
Grinder is burned terribly!
Grinder is heavily wounded.
Ijyb zaps a wand.
You suddenly lose the ability to move!
Grinder hits you!
Grinder says, "Tell me all your secrets, or I'll kill you."
Grinder hits you but does no damage. Grinder hits you!
* * * LOW HITPOINT WARNING * * *
You writhe in agony.
* * * LOW HITPOINT WARNING * * *
Grinder gestures at you. Pain shoots through your body!
Ouch! That really hurt!
You die...

... ... ...
#.# ##.####
#.g...#
#.....#
#.@5..#
...........#
######.....#
#######


You could see Grinder (combustible) and Ijyb.

Vanquished Creatures
  3 adders (D:2)
  4 dart slugs (D:1)
  4 ball pythons
  2 endoplasms (D:1)
  A giant cockroach (D:2)
  3 goblins
  5 hobgoblins (D:1)
  4 kobolds
  2 quokkas
  3 bats
  A frilled lizard (D:1)
  2 rats
34 creatures vanquished.

Vanquished Creatures (others)
  55 foxfires
55 creatures vanquished.

Grand Total: 89 creatures vanquished

Notes
Turn   | Place    | Note
-------+----------+-------------------------------------------
     0 | D:1      | cdecastro the Deep Elf Fire Elementalist began the quest
                  | for the Orb.
     0 | D:1      | Reached XP level 1. HP: 10/10 MP: 6/6
   264 | D:1      | Reached skill level 4 in Fire Magic
   264 | D:1      | Reached XP level 2. HP: 15/15 MP: 6/8
   267 | D:1      | Learned a level 2 spell: Scorch
   734 | D:1      | Reached XP level 3. HP: 9/19 MP: 4/9
  1305 | D:2      | Reached skill level 5 in Fire Magic
  1610 | D:2      | Found a faded altar of an unknown god.
  1646 | D:2      | Reached XP level 4. HP: 24/24 MP: 7/10
  2168 | D:3      | Noticed Grinder
  2170 | D:3      | Noticed Ijyb
  2171 | D:3      | Paralysed by Ijyb for 5 turns
  2174 | D:3      | Killed from afar by Grinder

Illustrated notes

Levels and vault maps discovered:
D:1:      dpeg_arrival_signposts, layout_loops_cross, kennysheep_flooded_box
D:2:      layout_loops_ring, shapermc_ecumenical_altar_mp_vishouse,
          minmay_cut_off
D:3:      layout_rooms, uniq_ijyb, uniq_grinder, uniq_jessica

Skill      XL: |  1  2  3 |
---------------+----------+-----
Fire Magic     | 4 5 |  5.4
Dodging        | |  2.4
Stealth        | |  2.4
Spellcasting   | |  3.0
Conjurations   | |  1.1

Action                   |  1- 3 |  4- 6 || total
-------------------------+-------+-------++-------
 Cast: Foxfire           |    31 |       ||    31
       Scorch            |    13 |     7 ||    20
Armor: Robe              |     1 |     1 ||     2
Dodge: Dodged            |    12 |     1 ||    13
